 Dungeon Crawl Stone Soup version 0.29-a0-330-g52719c12eb (webtiles) character file.

Game seed: 14015523852979932582

756 HoaS the Quickloader (level 8, -3/48 HPs)
             Began as a Kobold Hunter on May 18, 2022.
             Was an Initiate of Makhleb.
             Slain by a water moccasin (7 damage)
             ... on level 5 of the Dungeon.
             The game lasted 00:15:17 (4984 turns).

HoaS the Quickloader (Kobold Hunter)                Turns: 4984, Time: 00:15:17

Health: -3/48      AC:  8    Str:  8    XL:     8   Next: 7%
Magic:  8/8        EV: 14    Int: 11    God:    Makhleb [......]
Gold:   352        SH:  0    Dex: 20    Spells: 7/7 levels left

rFire   . . .      SeeInvis .   a - +1 hand crossbow
rCold   . . .      Faith    .   (no shield)
rNeg    . . .      Spirit   .   p - +0 ring mail
rPois   .          Reflect  .   (no helmet)
rElec   .          Harm     .   (no cloak)
rCorr   .          Rampage  .   l - +2 pair of gloves
Will    .....                   (no boots)
Stlth   ++++++....              (no amulet)
HPRegen 0.16/turn               k - ring of Shadows {Umbra +Inv Stlth+}
MPRegen 0.11/turn               (no ring)

@: mighty, lethally poisoned (-3 -> -11), wreathed by umbra, studying Dodging
A: small, no large weapons, nightstalker 3
a: Renounce Religion, Evoke Invisibility


You were on level 5 of the Dungeon.
You worshipped Makhleb.
Makhleb was noncommittal.
You visited 2 branches of the dungeon, and saw 6 of its levels.

You collected 352 gold pieces.

Inventory:

Hand Weapons
 a - a +1 hand crossbow (weapon)
Armour
 l - a +2 pair of gloves (worn)
 p - a +0 ring mail (worn)
Jewellery
 k - the ring of Shadows (left hand) {Umbra +Inv Stlth+}
   (You found it on level 3 of the Dungeon)

   [ring of stealth]

   It surrounds you with an aura of shadow, increasing your stealth and reducing
   the accuracy of all others within it.
   +Inv:      It lets you turn invisible.
   Stlth:     It makes you more stealthy.
Wands
 n - a wand of polymorph (10)
Scrolls
 b - 2 scrolls of teleportation
 c - 2 scrolls of immolation
Potions
 e - 2 potions of attraction
 f - a potion of flight {unknown}
 g - a potion of lignification {unknown}
 h - a potion of magic {unknown}
 i - a potion of heal wounds {unknown}
 j - a potion of degeneration {unknown}
 m - 2 potions of haste {unknown}


   Skills:
 * Level 4.3 Fighting
 - Level 10.0 Crossbows
 + Level 1.6 Armour
 + Level 4.6 Dodging
 + Level 3.3 Stealth


You had 7 spell levels left.
You didn't know any spells.
Your spell library contained the following spells:

 Spells                   Type           Power      Damage    Failure   Level
 Animate Skeleton         Necr           0%         N/A       71%         1
 Apportation              Tloc           0%         N/A       71%         1
 Summon Small Mammal      Summ           0%         N/A       71%         1


Dungeon Overview and Level Annotations

Branches:
Dungeon (5/15)             Temple (1/1) D:4

Altars:
Ashenzari
Cheibriados
Dithmenos
Elyvilon
Fedhas
Gozag
Hepliaklqana
Kikubaaqudgha
Makhleb
Nemelex Xobeh
Okawaru
Qazlal
Ru
Sif Muna
Uskayaw
Vehumet
Wu Jian
Xom
Yredelemnul
Zin
The Shining One

Shops:
D:2 [

Annotations:
D:2 Natasha


Innate Abilities, Weirdness & Mutations

You are small and have problems with some larger weapons.
You are completely attuned to the shadows.


Message History

You shoot a bolt. The bolt hits the water moccasin.
The water moccasin is almost dead.
You feel sick. The water moccasin bites you.
You are more poisoned.
The water moccasin poisons you!
The water moccasin bites you but does no damage.
You are too injured to fight recklessly!
You are too injured to fight recklessly!
You are too injured to fight recklessly!
You are too injured to fight recklessly!
You are too injured to fight recklessly!
You are too injured to fight recklessly!
You are too injured to fight recklessly!
Unknown command.
You feel very mighty all of a sudden.
You feel very sick. The water moccasin misses you.
Really attack while wielding your +1 hand crossbow?
Okay, then.
Unknown command.
Unknown command.
Unknown command.
Shoot: a) +1 hand crossbow
Press: ? - help, Q - select action, (/) - cycle Shift-Dir - straight line, f/p - water moccasin
Aim: a water moccasin (almost dead, umbra, 57% to hit)
You shoot a bolt.
The bolt barely misses the water moccasin.
You feel very sick. The water moccasin barely misses you.
The water moccasin bites you but does no damage.
Shoot: a) +1 hand crossbow
Press: ? - help, Q - select action, (/) - cycle Shift-Dir - straight line, f/p - water moccasin
Aim: a water moccasin (almost dead, umbra, 57% to hit)
You shoot a bolt.
The bolt hits the water moccasin but does no damage.
The water moccasin is almost dead.
You feel sick. The water moccasin bites you!
* * * LOW HITPOINT WARNING * * *
The water moccasin bites you!
You die...

#.......#.# #.
..........# #.
#..##...### #. ###
#.......## ## ..#
####........## #
..#
#........#...#####
# ..#
#.##.##...#.#.....
# ##..
..##S##..##.#.....
....
....@##..##.......
##..
..#####..####.....
# #####.#.###.....
......##...#####
#####.###### #.#
### #.# ##.####
#.# #...... ##.##
####.####


You could see a water moccasin.

Vanquished Creatures
  Sigmund (D:2)
  A sky beast (D:5)
  4 crimson imps (D:4)
  2 jellies
  An orc priest (D:3)
  A hound (D:5)
  Natasha (D:2)
  4 iguanas
  4 adders
  8 worms
  A dart slug (D:1)
  4 orcs
  5 ball pythons
  7 endoplasms
  3 giant cockroaches
  5 goblins
  5 hobgoblins
  6 jackals
  6 kobolds
  5 quokkas
  9 bats
  3 frilled lizards
  5 rats
91 creatures vanquished.

Notes
Turn   | Place    | Note
-------+----------+-------------------------------------------
     0 | D:1      | HoaS the Kobold Hunter began the quest for the Orb.
     0 | D:1      | Reached XP level 1. HP: 12/12 MP: 1/1
   251 | D:1      | Reached XP level 2. HP: 17/17 MP: 2/2
   288 | D:1      | Reached skill level 6 in Crossbows
   404 | D:1      | You fall into a shaft and drop 1 floor!
   404 | D:2      | Found a faded altar of an unknown god.
   736 | D:1      | Reached XP level 3. HP: 21/21 MP: 3/3
  1076 | D:2      | Found Fungille's Antique Armour Shoppe.
  1133 | D:2      | Noticed Sigmund
  1144 | D:2      | Killed Sigmund
  1145 | D:2      | Reached skill level 8 in Crossbows
  1145 | D:2      | Reached XP level 4. HP: 12/26 MP: 4/4
  1145 | D:2      | Reached XP level 5. HP: 14/30 MP: 5/5
  1145 | D:2      | Reached XP level 6. HP: 17/35 MP: 6/6
  1338 | D:2      | Reached skill level 9 in Crossbows
  1837 | D:2      | Noticed Natasha
  1847 | D:2      | Killed Natasha
  2295 | D:2      | Noticed Natasha
  2488 | D:3      | Reached skill level 10 in Crossbows
  2586 | D:3      | Found an ornate altar of the Wu Jian Council.
  2734 | D:3      | Found a shadowy altar of Dithmenos.
  2736 | D:3      | Found an opulent altar of Gozag.
  3177 | D:3      | Found the ring of Shadows {Umbra +Inv Stlth+}
  3618 | D:4      | Reached XP level 7. HP: 40/40 MP: 7/7
  3693 | D:4      | Identified a scroll of acquirement
  3693 | D:4      | Acquired a manual of Dodging
  4060 | D:4      | Found a staircase to the Ecumenical Temple.
  4066 | Temple   | Entered the Ecumenical Temple
  4290 | Temple   | Became a worshipper of Makhleb the Destroyer
  4324 | D:4      | Found a shimmering altar of Xom.
  4336 | D:4      | Found a broken altar of Ashenzari.
  4446 | D:4      | Reached skill level 1 in Armour
  4667 | D:5      | Entered Level 5 of the Dungeon
  4750 | D:5      | Reached XP level 8. HP: 48/48 MP: 8/8
  4984 | D:5      | Slain by a water moccasin

Illustrated notes

Levels and vault maps discovered:
D:1:      erik_arrival_blinker_ship, layout_basic, dreamdust_wishing_well
D:2:      layout_basic, serial_shops, shop,
          shapermc_ecumenical_altar_mp_highgroup,
          chequers_serial_rivers_micro_c, uniq_natasha, uniq_sigmund
D:3:      layout_basic, mainiacjoe_overflow_boulevard,
          chequers_temple_overflow_statue_of_worship
D:4:      layout_cave_pods, mainiacjoe_overflow_six_doors_small, led_xom_imps,
          minmay_temple_entry_junction_2
D:5:      layout_loops_cross, kennysheep_generic_room_4, uniq_menkaure
Temple:   eino_temple_scatter_basement

Skill      XL: |  1  2  3  4  5  6  7 |
---------------+----------------------+-----
Crossbows      | 6 8 10 | 10.0
Dodging        | 4 |  4.6
Fighting       | 4 |  4.3
Stealth        | 3 |  3.3
Armour         | 1 |  1.6

Action                   |  1- 3 |  4- 6 |  7- 9 || total
-------------------------+-------+-------+-------++-------
 Fire: Hand crossbow     |    86 |   118 |   117 ||   321
  Use: Scroll            |     1 |     2 |     4 ||     7
       Potion            |       |       |     1 ||     1
Armor: Leather armour    |     8 |     3 |       ||    11
       Ring mail         |       |       |    19 ||    19
Dodge: Dodged            |    33 |    23 |    37 ||    93

Table legend: (Time is in decaauts)
 A = Elapsed time spent in this place.
 B = Non-inter-level travel time spent in this place.
 C = Inter-level travel time spent in this place.
 D = Time resting spent in this place.
 E = Time spent auto-exploring this place.
 F = Levels seen in this place.
 G = Mean time per level.
                   A        B        C        D        E       F      G
               +--------+--------+--------+--------+--------+-----+--------+
         Total |   5046 |   4872 |    174 |   1068 |   3079 |   6 |  841.0 |
       Dungeon |   4812 |   4659 |    153 |   1068 |   2884 |   5 |  962.4 |
        Temple |    233 |    212 |     21 |      0 |    195 |   1 |  233.0 |
               +--------+--------+--------+--------+--------+-----+--------+

Top non-repeatable levels by time:
     D:2: 1258 daAuts
     D:1: 1110 daAuts
     D:4: 1091 daAuts
     D:3: 1028 daAuts
     D:5: 323 daAuts
  Temple: 233 daAuts
